Map: Odyssey LE

Players

Deucalion - Winner!

  • Race: Protoss Protoss
  • League: Diamond
  • Spawn Location: 5:00

nivek

  • Race: Zerg Zerg
  • League: Diamond
  • Spawn Location: 11:00

VOD

https://go.twitch.tv/videos/186074637

Description

Time

  • Played on: Oct. 28, 2017, 12:35 a.m.
  • Length: 7:24
Show
View Real Time Build Order
Export as new Build Order

Deucalion Protoss - Winner!

Build Orders:  

Get SALT Encoding   

  12  0:01  Probe (Chrono Boost)  
  13  0:11  Probe (Chrono Boost)  
  14  0:18  Pylon  
  14  0:23  Probe (Chrono Boost)  
  15  0:37  Probe (Chrono Boost)  
  15  0:40  Forge  
  16  0:47  Probe (Chrono Boost)  
  17  0:53  Pylon  
  17  0:58  Probe (Chrono Boost)  
  18  1:06  Gateway  
  18  1:16  Photon Cannon  
  18  1:24  Assimilator, Probe (Chrono Boost)  
  19  1:35  Probe (Chrono Boost)  
  20  1:40  Photon Cannon  
  20  1:44  Pylon  
  20  1:48  Probe (Chrono Boost)  
  21  2:01  Cybernetics Core  
  21  2:07  Photon Cannon  
  21  2:17  Gateway  
  21  2:27  Probe (Chrono Boost)  
  21  2:28  Assimilator  
  22  2:41  Mothership Core (Chrono Boost)  
  24  2:49  Gateway  
  24  2:59  Probe (Chrono Boost)  
  25  3:07  Robotics Facility  
  25  3:09  Gateway  
  25  3:30  Pylon  
  25  3:48  Warp Gate (Chrono Boost)  
  25  3:49  Stalker  
  25  3:51  Sentry  
  31  4:03  Pylon  
  31  4:04  Adept  
  31  4:07  Immortal (Chrono Boost)  
  35  4:15  Photon Cannon  
  35  4:25  Pylon  
  35  4:42  Immortal (Chrono Boost)  
  37  4:53  Photon Cannon  
  37  4:55  Gateway  
  37  5:16  Photon Cannon  
  37  5:18  Warp Prism (Chrono Boost)  
  39  5:25  Pylon  
  43  5:50  Immortal (Chrono Boost), Sentry x2  
  43  5:51  Adept x2  
  51  6:13  Adept  
  51  6:14  Adept  
  51  6:16  Pylon  
  51  6:18  Pylon  
  55  6:35  Immortal (Chrono Boost)  
  59  6:45  Adept x2  
  59  6:46  Adept  
  65  6:47  Sentry  
  57  7:24  Sentry  
Show
View Real Time Build Order
Export as new Build Order

nivek Zerg 

Build Orders: Hatch First 

Get SALT Encoding   

  12  0:01  Drone  
  13  0:15  Drone  
  13  0:21  Overlord  
  14  0:41  Drone x3  
  17  0:59  Hatchery  
  17  1:04  Drone  
  17  1:08  Extractor  
  16  1:11  Drone  
  16  1:18  Spawning Pool  
  16  1:21  Drone  
  16  1:24  Drone  
  18  1:35  Drone  
  19  2:00  Drone  
  20  2:06  Zergling x2  
  21  2:10  Zergling x2, Queen  
  21  2:11  Metabolic Boost  
  21  2:13  Queen  
  26  2:17  Spine Crawler  
  26  2:21  Zergling x2  
  26  2:26  Overlord  
  26  2:44  Spine Crawler  
  26  2:47  Spine Crawler  
  22  2:54  Roach Warren  
  22  2:56  Drone x2  
  23  3:04  Zergling x4  
  23  3:05  Zergling x2  
  26  3:15  Drone  
  24  3:45  Zergling x4  
  24  3:48  Roach x5  
  36  4:11  Spine Crawler  
  35  4:19  Queen  
  35  4:24  Overlord  
  35  4:29  Drone  
  36  4:31  Overlord  
  34  4:48  Roach x2  
  34  4:49  Roach x3  
  42  4:58  Queen  
  45  5:00  Drone x5  
  47  5:19  Drone  
  47  5:20  Drone x3  
  49  5:31  Roach  
  51  5:37  Spore Crawler  
  51  5:39  Drone x2  
  51  5:41  Extractor  
  51  5:44  Lair  
  51  5:45  Drone  
  51  5:46  Overlord, Evolution Chamber  
  51  5:56  Roach  
  51  6:06  Roach x3  
  51  6:07  Roach  
  51  6:10  Drone  
  60  6:16  Overlord x2  
  60  6:17  Overlord  
  60  6:29  Overlord  
  56  6:40  Queen  
  56  6:50  Ravager  
  56  6:51  Ravager  
  56  6:52  Ravager  
  59  6:56  Roach x2  
Tags
 
Add a new tag
Caveats
  • Supply blocks, unpowered buildings, or Contaminate may cause inaccurate times.
  • Supply counts are checked every 10 seconds.